 Dungeon Crawl Stone Soup version 0.20.1-1-g8b1a95d (webtiles) character file.

158 Fingolfin the Conjurer (level 4, 0/33 HPs)
             Began as a Demigod Conjurer on Oct 27, 2017.
             Killed by nerve-wracking pain
             ... invoked by an orc priest
              (6 damage)
             ... on level 3 of the Dungeon.
             The game lasted 00:06:19 (2616 turns).

Fingolfin the Conjurer (Demigod Conjurer)           Turns: 2616, Time: 00:06:20

Health: 0/33       AC:  2    Str: 11    XL:     4   Next: 94%
Magic:  7/12       EV: 12    Int: 21    God:
Gold:   129        SH:  0    Dex: 16    Spells: 2/9 levels left

rFire    . . .     SeeInvis .   q - +0 quarterstaff
rCold    . . .     Gourm    .   (shield currently unavailable)
rNeg     . . .     Faith    .   a - +0 robe
rPois    .         Spirit   .   (no helmet)
rElec    .         Reflect  .   j - scarf {cloud immunity}
rCorr    .         Harm     .   (no gloves)
MR       .....                  (no boots)
Stlth    ++........             (no amulet)
Regen    0.2/turn               (no ring)
MPRegen  0.2/turn               (no ring)

@: no status effects
A: high mp 1
a: no special abilities


You were on level 3 of the Dungeon.
You were not hungry.

You visited 1 branch of the dungeon, and saw 3 of its levels.

You collected 129 gold pieces.

Inventory:

Hand Weapons
 q - a +0 quarterstaff (weapon)
Armour
 a - a +0 robe (worn)
 j - a scarf of cloud immunity (worn)
Scrolls
 d - 3 scrolls of teleportation {unknown}
 e - a scroll of remove curse {unknown}
 f - a scroll of fog {unknown}
 l - a scroll of identify {unknown}
 o - a scroll of fear {unknown}
 p - a scroll of amnesia {unknown}
Potions
 h - a potion of ambrosia {unknown}
 i - 2 potions of curing {unknown}
 k - a potion of degeneration {unknown}
 m - a potion of flight {unknown}
 n - a potion of heal wounds {unknown}
Books
 b - a book of Conjurations

   Spells                             Type                      Level
   a - Magic Dart                     Conjuration                  1
   b - Searing Ray                    Conjuration                  2
   c - Dazzling Spray                 Conjuration/Hexes            3
   d - Fulminant Prism                Conjuration/Hexes            4
   e - Force Lance                    Conjuration/Translocation    4
   f - Iskenderun's Mystic Blast      Conjuration                  4
Comestibles
 c - a bread ration
 g - 2 meat rations
 r - 2 chunks of flesh


   Skills:
 - Level 1.7 Dodging
 - Level 1.7 Stealth
 - Level 3.4 Spellcasting
 - Level 4.1 Conjurations
 + Level 2.2 Hexes


You had 2 spell levels left.
You knew the following spells:

 Your Spells              Type           Power        Failure   Level  Hunger
a - Magic Dart            Conj           ###.         2%          1    None
b - Searing Ray           Conj           ###...       3%          2    ##.....
c - Fulminant Prism       Conj/Hex       ###.......   34%         4    ####...


Dungeon Overview and Level Annotations

Branches:
Dungeon (3/15)


Innate Abilities, Weirdness & Mutations

You have an increased reservoir of magic. (+10% MP)


Message History

The orc priest mumbles some strange prayers to Beogh against you.
Beogh smites you!
Ouch! That really hurt!
* * * LOW HITPOINT WARNING * * *
You see here a ring mail.
Casting: Magic Dart
Confirm with . or Enter, or press ? or * to list all spells.
Aiming: Searing Ray
Press: ? - help, Shift-Dir - straight line, f - orc priest
Aim: an orc priest, wielding a mace and wearing a runed chain mail The searing ray hits the orc priest. (Press . to maintain the ray.)
The searing ray misses the orc priest.
The orc priest casts a cantrip, but nothing happens.
The searing ray hits the orc priest.
The orc priest is severely wounded.
You finish channeling your searing ray.
The orc priest calls down the wrath of Beogh upon you.
Pain shoots through your body!
You die...

#.........#.#........#
#.†.....###.######.#.#
#)...##. ### #.#...##
........# #.##...#
.######.# #P.#.#.#
....... #..#.#.#
####### +..#...# #
#oP##..# # #@P.#..#
#...##.# #......#
#......# #...##.#
#...#..# #.P##.##
....# . ..#..#.#


You could see an orc priest.

Vanquished Creatures
  4 adders
  6 gnolls
  2 oozes
  A dart slug (D:1)
  2 leopard geckos
  7 orcs
  4 bats
  A giant cockroach (D:2)
  5 goblins
  6 hobgoblins
  2 jackals (D:1)
  3 frilled lizards
  4 kobolds
47 creatures vanquished.

Notes
Turn   | Place    | Note
-------+----------+-------------------------------------------
     0 | D:1      | Fingolfin the Demigod Conjurer began the quest for the Orb.
     0 | D:1      | Reached XP level 1. HP: 14/14 MP: 5/5
   628 | D:1      | Reached skill level 4 in Conjurations
   695 | D:1      | Reached XP level 2. HP: 20/20 MP: 0/7
   766 | D:1      | Learned a level 2 spell: Searing Ray
  1299 | D:2      | Reached XP level 3. HP: 26/26 MP: 4/9
  1731 | D:2      | Reached XP level 4. HP: 33/33 MP: 7/11
  1914 | D:2      | Learned a level 4 spell: Fulminant Prism
  2062 | D:2      | Reached skill level 1 in Hexes
  2616 | D:3      | Killed from afar by an orc priest

Skill      XL: |  1  2  3  4 |
---------------+-------------+-----
Conjurations   | 4 |  4.1
Spellcasting   | 2 3 |  3.4
Hexes          | 2 |  2.2
Dodging        | |  1.7
Stealth        | |  1.7

Action                   |  1- 3 |  4- 6 || total
-------------------------+-------+-------++-------
Melee: Dagger            |     5 |       ||     5
       Quarterstaff      |       |     1 ||     1
 Cast: Magic Dart        |    72 |    58 ||   130
       Searing Ray       |       |     4 ||     4
  Eat: Chunk             |     3 |     3 ||     6
Armor: Robe              |     4 |     1 ||     5
Dodge: Dodged            |    25 |     8 ||    33
